 Dungeon Crawl Stone Soup version 0.28-a0-1152-g9c71ebef14 (webtiles) character file.

Game seed: 17959055343045201296

147334 SnakkuSnakku7 the Bludgeoner (level 16, -9/137 HPs)
             Began as a Demonspawn Cinder Acolyte on Dec 15, 2021.
             Was an Elder of Uskayaw.
             Mangled by a seven-headed hydra simulacrum (16 damage)
             ... on level 4 of the Swamp.
             The game lasted 00:57:00 (32981 turns).

SnakkuSnakku7 the Bludgeoner (DsCA)                Turns: 32981, Time: 00:57:01

Health: -9/137     AC: 30    Str: 19    XL:     16   Next: 91%
Magic:  27/27      EV: 10    Int: 17    God:    Uskayaw [****..]
Gold:   1264       SH:  0    Dex: 17    Spells: 17/17 levels left

rFire   . . .      SeeInvis .   a - +9 great mace (chaos)
rCold   + . .      Faith    .   (shield currently unavailable)
rNeg    + + .      Spirit   .   v - +4 plate armour {rN+}
rPois   +          Reflect  .   x - +2 helmet {Int+3}
rElec   +          Harm     .   O - +2 ratskin cloak {*Rats rPois rN+ Str-1 Int-1 Dex+1}
rCorr   .          Rampage  .   (gloves unavailable)
Will    ++...                   N - +2 pair of boots {Stlth+}
Stlth   ..........              W - amulet of Vitality {Regen+ HP+15}
HPRegen 1.12/turn               o - ring of protection from cold
MPRegen 0.40/turn               q - ring of the Hero {rElec Will+ Dex+4 Slay+3}

@: studying Unarmed Combat
A: thin metallic scales 1, ignite blood 3, magic regeneration, demonic touch 3
a: Renounce Religion, Stomp, Line Pass


You were on level 4 of the Swamp.
You worshipped Uskayaw.
Uskayaw was pleased with you.
You visited 5 branches of the dungeon, and saw 28 of its levels.
You also visited: Sewer, Bailey and Gauntlet.

You collected 3957 gold pieces.
You spent 2693 gold pieces at shops.

Inventory:

Hand Weapons
 a - a +9 great mace of chaos (weapon)
Missiles
 d - 7 throwing nets (quivered)
Armour
 v - a +4 plate armour of positive energy (worn)
 x - a +2 helmet of intelligence (worn)
 N - a +2 pair of boots of stealth (worn)
 O - the +2 ratskin cloak (worn) {*Rats rPois rN+ Str-1 Int-1 Dex+1}
   (You found it on level 6 of the Lair of Beasts)

   When the wearer is hurt, rats may emerge from it to assist them.
   Str:       It affects your strength (-1).
   Int:       It affects your intelligence (-1).
   Dex:       It affects your dexterity (+1).
   rPois:     It protects you from poison.
   rN:        It protects you from negative energy.
Jewellery
 b - a ring of fire
 o - a ring of protection from cold (left hand)
 q - the ring of the Hero (right hand) {rElec Will+ Dex+4 Slay+3}
   (You acquired it on level 1 of the Lair of Beasts)

   [ring of willpower]

   Dex:       It affects your dexterity (+4).
   Slay:      It affects your accuracy & damage with ranged weapons and melee
   (+3).
   rElec:     It insulates you from electricity.
   Will:      It increases your willpower.
 y - a ring of positive energy
 E - a ring of see invisible
 L - the ring "Meshrag" {*Corrode Fly rF+++ rN+++ Int-4}
   (You found it on level 2 of the Lair of Beasts)

   [ring of flight]

   Int:       It affects your intelligence (-4).
   rF:        It renders you almost immune to fire.
   rN:        It renders you almost immune to negative energy.
   Fly:       It grants you flight.
   *Corrode:  It may corrode you when you take damage.
 Q - a +4 ring of protection
 W - the amulet of Vitality (around neck) {Regen+ HP+15}
   (You bought it in a shop on level 2 of the Orcish Mines)

   [amulet of regeneration]

   HP:        It affects your health (+15).
   Regen:     It increases your rate of health regeneration.
Wands
 k - a wand of charming (13)
 I - a wand of flame (3)
 M - a wand of acid (7)
 T - a wand of iceblast (12)
 U - a wand of digging (3)
 V - a wand of polymorph (20)
Scrolls
 c - 6 scrolls of fog
 i - 2 scrolls of amnesia
 l - 4 scrolls of vulnerability
 p - 5 scrolls of enchant armour
 r - 4 scrolls of magic mapping
 t - a scroll of silence
 w - a scroll of enchant weapon
 z - a scroll of fear
 A - 6 scrolls of summoning
 K - 7 scrolls of teleportation
Potions
 e - 4 potions of resistance
 f - 4 potions of invisibility
 g - 2 potions of heal wounds
 j - 5 potions of haste
 m - 5 potions of brilliance
 n - 2 potions of magic
 s - 2 potions of flight
 u - 11 potions of curing
 B - 3 potions of mutation
 C - 9 potions of might
 D - 2 potions of cancellation
 F - 2 potions of berserk rage
 J - 3 potions of attraction
 P - 2 potions of ambrosia
Miscellaneous
 h - a tin of tremorstones (2/2)
 S - a phantom mirror


   Skills:
 - Level 10.0 Fighting
 - Level 20.0 Maces & Flails
 - Level 10.0 Armour
 + Level 8.3 Dodging
 - Level 1.0 Spellcasting
 - Level 2.6 Fire Magic
 - Level 15.0 Invocations
 - Level 10.0 Evocations


You had 17 spell levels left.
You didn't know any spells.
Your spell library contained the following spells:

 Spells                   Type           Power      Damage    Failure   Level
 Scorch                   Fire           18%        2d5       91%         2
 Foxfire                  Conj/Fire      20%        2x1d5     94%         1
 Magic Dart               Conj           0%         1d3       99%         1
 Sandblast                Erth           0%         2d4       99%         1
 Shock                    Conj/Air       0%         1d3       99%         1
 Summon Small Mammal      Summ           0%         N/A       99%         1
 Corpse Rot               Necr/Air       0%         N/A       99%         2
 Ensorcelled Hibernation  Hex/Ice        0%         N/A       99%         2
 Passwall                 Tmut/Erth      0%         N/A       99%         2
 Poisonous Vapours        Pois/Air       0%         N/A       99%         2
 Searing Ray              Conj           0%         2d4       99%         2
 Call Canine Familiar     Summ           0%         N/A       100%        3
 Conjure Flame            Conj/Fire      5%         6-21      100%        3
 Inner Flame              Hex/Fire       5%         N/A       100%        3
 Portal Projectile        Hex/Tloc       0%         N/A       100%        3
 Stone Arrow              Conj/Erth      0%         3d7       100%        3
 Summon Guardian Golem    Hex/Summ       0%         N/A       100%        3
 Swiftness                Air            0%         N/A       100%        3
 Tukima's Dance           Hex            0%         N/A       100%        3
 Animate Armour           Summ/Erth      0%         N/A       100%        4
 Animate Dead             Necr           0%         N/A       100%        4
 Flame Wave               Conj/Fire      5%         2d4       100%        4
 Fulminant Prism          Conj/Hex       0%         3d6       100%        4
 Leda's Liquefaction      Hex/Erth       0%         N/A       100%        4
 Passage of Golubria      Tloc           0%         N/A       100%        4
 Petrify                  Tmut/Erth      0%         N/A       100%        4
 Blade Hands              Tmut           0%         N/A       100%        5
 Borgnjor's Vile Clutch   Necr/Erth      0%         N/A       100%        5
 Fireball                 Conj/Fire      2%         3d4       100%        5
 Irradiate                Conj/Tmut      0%         3d13      100%        5
 Lightning Bolt           Conj/Air       0%         1d11      100%        5
 Yara's Violent Unravell  Hex/Tmut       0%         3d3       100%        5
 Conjure Ball Lightning   Conj/Air       0%         3x3d6     100%        6
 Death Channel            Necr           0%         N/A       100%        6
 Dragon Form              Tmut           0%         N/A       100%        7
 Malign Gateway           Summ/Tloc      0%         N/A       100%        7
 Lehudib's Crystal Spear  Conj/Erth      0%         10d2      100%        8
 Summon Horrible Things   Summ           0%         N/A       100%        8


Dungeon Overview and Level Annotations

Branches:
Dungeon (15/15)            Temple (1/1) D:5            Lair (6/6) D:11
  Swamp (4/4) Lair:3        Snake (0/4) Lair:4        Slime (0/5) Lair:6
    Orc (2/2) D:10            Elf (0/3) Orc:2        Vaults (0/5) D:13
 Depths (0/4) D:15          Sewer (visited)          Bailey (visited)
Gauntlet (visited)

Altars:
Ashenzari
Cheibriados
Dithmenos
Elyvilon
Fedhas
Gozag
Hepliaklqana
Kikubaaqudgha
Makhleb
Nemelex Xobeh
Okawaru
Qazlal
Ru
Sif Muna
Trog
Uskayaw
Vehumet
Wu Jian
Xom
Yredelemnul
Zin
The Shining One
Beogh
Jiyva

Shops:
D:11 (   D:12 [   D:15 *   Orc:1 =   Orc:2 =*[(


Innate Abilities, Weirdness & Mutations

You are partially covered in thin metallic scales. (AC +2)
Your demonic aura causes all spilled blood to erupt in flames.
You regenerate magic rapidly.
Your touch may irresistibly damage your foes and sap their willpower.


Message History

You resist.
The five-headed hydra simulacrum bites you but does no damage. x2
Unknown command.
Okay, then.
You sock the five-headed hydra simulacrum!
You melt the five-headed hydra simulacrum.
The five-headed hydra simulacrum vaporises!
The seven-headed hydra simulacrum bites you but does no damage.
The seven-headed hydra simulacrum misses you.
The seven-headed hydra simulacrum bites you but does no damage.
The seven-headed hydra simulacrum barely misses you.
The seven-headed hydra simulacrum bites you.
* * * LOW HITPOINT WARNING * * *
The seven-headed hydra simulacrum freezes you!
You resist.
* * * LOW HITPOINT WARNING * * *
A hell rat scurries out from under your cloak.
The seven-headed hydra simulacrum barely misses you.
The seven-headed hydra simulacrum bites you.
* * * LOW HITPOINT WARNING * * *
The seven-headed hydra simulacrum freezes you!!
You resist.
* * * LOW HITPOINT WARNING * * *
Okay, then.
Okay, then.
You feel much better.
The eight-headed hydra simulacrum bites you but does no damage. x2
The eight-headed hydra simulacrum barely misses you. x2
The eight-headed hydra simulacrum bites you.
* * * LOW HITPOINT WARNING * * *
The eight-headed hydra simulacrum freezes you!
You resist.
* * * LOW HITPOINT WARNING * * *
The eight-headed hydra simulacrum bites you but does no damage. x2
The eight-headed hydra simulacrum completely misses you.
The seven-headed hydra simulacrum bites you!
* * * LOW HITPOINT WARNING * * *
The seven-headed hydra simulacrum freezes you!
You resist.
You die...

♣≈≈≈≈..≈≈..≈..
♣♣≈≈≈≈.....≈..
♣♣≈≈≈≈≈$≈≈♣♣. .
♣♣≈≈≈≈≈≈≈♣
..#####
♣♣♣≈≈≈≈♣♣
≈.Z≈Z≈≈###♣♣♣♣♣♣
.≈≈.≈≈≈☼≈###
.≈≈≈..§§☼≈≈##
≈≈≈≈≈ZZ@○Z≈≈#
≈≈≈≈≈≈Z≈r.≈≈≈#
.≈≈§≈≈≈≈≈≈.?≈≈#
≈..≈≈###≈≈≈≈φ≈#
#..≈≈ #≈≈≈≈##
#### #####


You could see an eight-headed hydra simulacrum, 2 seven-headed hydra simulacra,
a six-headed hydra simulacrum, 2 four-headed hydra simulacra and a friendly hell
rat.

Vanquished Creatures
  A thorn hunter (Swamp:1)
  Agnes (D:14)
  Donald (Swamp:1)
  An azure jelly (Swamp:4)
  An orc warlord (D:10)
  The ghost of mandarbmax the Brawler, a journeyman TrCA of Ignis (Lair:6)
  3 ghouls (Lair:3)
  A bunyip (Swamp:1)
  6 eleionomae
  A minotaur (Gauntlet)
  Snorg (D:11)
  Josephine (D:13)
  2 fire dragons (D:14)
  A shambling mangrove (Swamp:4)
  Harold (D:7)
  A rakshasa (D:15)
  Erolcha (D:11)
  4 boulder beetles
  21 hydras
  A ghost crab (Swamp:2)
  7 two-headed ogres
  2 vault guards (D:13)
  5 centaur warriors
  3 catoblepae
  2 death knights
  6 alligators
  3 tengu warriors
  6 death yaks (Lair:6)
  A deep troll shaman (Lair:6)
  Sonja (Lair:1)
  2 sixfirhies (Gauntlet)
  3 skeletal warriors
  5 goliath frogs
  2 spriggan druids
  2 bog bodies
  3 wizards
  A lindwurm (Lair:6)
  4 necromancers
  A swamp dragon (Swamp:2)
  A phantasmal warrior (D:15)
  Pikel (D:6)
  8 orc knights
  4 deep elf pyromancers
  3 manticores
  6 orc sorcerers
  3 ugly things
  9 cyclopes
  2 will-o-the-wisps
  4 elephants
  2 naga magi (D:15)
  A molten gargoyle (D:14)
  6 black mambas
  A centaur skeleton (D:15)
  15 cane toads
  Maggie (D:7)
  A gargoyle (D:14)
  A cane toad (shapeshifter) (D:15)
  An unseen horror (D:13)
  Psyche (D:11)
  6 komodo dragons
  2 efreet (D:14)
  4 rime drakes
  9 freezing wraiths
  A yaktaur (shapeshifter) (D:14)
  4 kobold demonologists
  A yaktaur (D:13)
  3 tengu conjurers
  A queen bee (Gauntlet)
  9 polar bears
  4 meliai
  A queen bee (shapeshifter) (D:15)
  5 trolls
  A meliai (shapeshifter) (Orc:1)
  2 tyrant leeches
  A wind drake (shapeshifter) (D:14)
  3 hornets (Swamp:4)
  23 blink frogs
  12 dream sheep
  A meliai zombie (D:15)
  17 slime creatures (D:14)
  A centaur simulacrum (D:15)
  4 water elementals
  2 shadows
  28 yaks
  5 spriggans
  3 wyverns
  18 humans (D:13)
  17 fire elementals
  8 wraiths
  A vampire (D:14)
  4 basilisks
  A hog (shapeshifter) (D:14)
  12 vampire mosquitoes
  4 swamp worm simulacra (Swamp:4)
  Edmund (D:6)
  Menkaure (D:7)
  4 wargs
  13 swamp worms
  4 hydra simulacra (Swamp:4)
  18 water moccasins
  2 acid dragons
  43 orc warriors
  An ice beast (D:8)
  2 sky beasts
  2 black bears
  A hornet zombie (D:15)
  3 necrophages
  23 wolves
  4 boggarts (D:15)
  6 ogres
  3 phantoms
  11 centaurs
  3 kobold brigands
  Blork the orc (D:6)
  15 bullfrogs
  A scorpion (D:4)
  A gnoll sergeant (D:5)
  10 killer bees
  4 wights (D:6)
  6 electric eels
  4 howler monkeys
  A bullfrog zombie (D:5)
  5 centaur zombies
  2 lava snakes (D:14)
  A jelly (D:5)
  9 orc priests
  2 hounds (D:5)
  Crazy Yiuf (D:3)
  3 iguanas
  A bullfrog skeleton (D:6)
  16 orc wizards
  4 hell rats (Lair:2)
  3 polar bear simulacra (Lair:6)
  3 yak simulacra (Lair:6)
  3 wolf simulacra (Lair:6)
  A hound skeleton (D:4)
  A howler monkey zombie (D:9)
  2 howler monkey skeletons
  7 gnolls
  6 river rats
  6 adders
  A white imp (D:5)
  An ufetubus (D:5)
  4 swamp drake simulacra (Swamp:4)
  3 worms
  2 dart slugs
  104 orcs
  13 ball pythons
  4 giant cockroaches
  8 goblins
  7 hobgoblins
  10 jackals
  20 kobolds
  3 quokkas
  10 bats
  6 frilled lizards
  11 rats
  2 river rat simulacra (Lair:6)
  A bush (Lair:4)
  A fire vortex (D:14)
874 creatures vanquished.

Vanquished Creatures (collateral kills)
  A hornet (Swamp:2)
  A swamp worm (Swamp:3)
  An orc warrior (Orc:1)
3 creatures vanquished.

Vanquished Creatures (others)
  An orc high priest (Orc:2)
  A swamp dragon (Swamp:1)
  3 bloated husks
  A swamp drake (Swamp:1)
  An orc (D:12)
  A demonic plant (Gauntlet)
  24 foxfires
  42 fungi
  131 plants
205 creatures vanquished.

Grand Total: 1082 creatures vanquished

Notes
Turn   | Place    | Note
-------+----------+-------------------------------------------
     0 | D:1      | SnakkuSnakku7 the Demonspawn Cinder Acolyte began the quest
                  | for the Orb.
     0 | D:1      | Reached XP level 1. HP: 18/18 MP: 2/2
   126 | D:1      | Reached skill level 3 in Maces & Flails
   144 | D:1      | Found a faded altar of an unknown god.
   201 | D:1      | Gained mutation: Your demonic aura sometimes causes spilled
                  | blood to erupt in flames. [demonic ancestry]
   201 | D:1      | Reached XP level 2. HP: 21/24 MP: 3/3
  1206 | D:2      | Gained mutation: You regenerate magic rapidly. [demonic
                  | ancestry]
  1206 | D:2      | Reached XP level 3. HP: 9/29 MP: 4/4
  1458 | D:2      | Reached skill level 4 in Maces & Flails
  2836 | D:3      | Found a runed translucent door.
  2837 | D:3      | Noticed Crazy Yiuf
  3006 | D:3      | Reached XP level 4. HP: 30/35 MP: 5/5
  3371 | D:3      | Reached skill level 5 in Maces & Flails
  3654 | D:3      | Killed Crazy Yiuf
  3655 | D:3      | Gained mutation: You are partially covered in thin metallic
                  | scales. (AC +2) [demonic ancestry]
  3655 | D:3      | Reached XP level 5. HP: 41/41 MP: 6/6
  3808 | D:4      | Identified the +1 robe of Misanthropy {rN+ Will- rCorr}
  4182 | D:4      | Reached skill level 6 in Maces & Flails
  4251 | D:4      | Reached XP level 6. HP: 47/47 MP: 7/7
  4506 | D:5      | Entered Level 5 of the Dungeon
  4676 | D:5      | Reached skill level 7 in Maces & Flails
  4837 | D:5      | Found a glowing drain.
  4898 | Sewer    | Entered a sewer
  5052 | Sewer    | Gained mutation: Your touch may inflict minor irresistible
                  | damage on your foes. [demonic ancestry]
  5052 | Sewer    | Reached XP level 7. HP: 50/52 MP: 8/8
  5544 | D:5      | Found a staircase to the Ecumenical Temple.
  5742 | D:5      | Reached skill level 8 in Maces & Flails
  6429 | D:6      | Noticed Blork the orc
  6435 | D:6      | Killed Blork the orc
  6491 | D:6      | Noticed Pikel
  6503 | D:6      | Killed Pikel
  6504 | D:6      | Reached skill level 9 in Maces & Flails
  6504 | D:6      | Gained mutation: Your demonic aura often causes spilled
                  | blood to erupt in flames. [demonic ancestry]
  6504 | D:6      | Reached XP level 8. HP: 58/58 MP: 9/9
  6508 | D:6      | Reached skill level 10 in Maces & Flails
  6843 | D:6      | Reached skill level 11 in Maces & Flails
  6864 | D:6      | Reached XP level 9. HP: 18/63 MP: 10/10
  7175 | D:6      | Found a stormy altar of Qazlal.
  7183 | D:6      | Found a hide-covered altar of Uskayaw.
  7184 | D:6      | Found a sacrificial altar of Ru.
  7195 | D:6      | Found a basalt altar of Yredelemnul.
  7198 | D:6      | Found a burning altar of Makhleb.
  7199 | D:6      | Found a broken altar of Ashenzari.
  7352 | D:6      | Noticed Edmund
  7360 | D:6      | Killed Edmund
  7722 | D:7      | Noticed Maggie
  7734 | D:7      | Killed Maggie
  7735 | D:7      | Reached skill level 12 in Maces & Flails
  7840 | D:7      | Noticed Menkaure
  7848 | D:7      | Killed Menkaure
  7960 | D:7      | Found a flagged portal.
  7979 | Bailey   | Entered a bailey
  8395 | Bailey   | Acquired a +3 great mace of protection
  8398 | Bailey   | Acquired a +1 helmet of intelligence
  8413 | Bailey   | Noticed an orc knight
  8414 | Bailey   | Noticed an orc knight
  8417 | Bailey   | Killed an orc knight
  8417 | Bailey   | Killed an orc knight
  8418 | Bailey   | Reached XP level 10. HP: 76/76 MP: 11/11
  8437 | Bailey   | Noticed an orc knight
  8468 | Bailey   | Killed an orc knight
  8478 | Bailey   | Noticed an orc knight
  8487 | Bailey   | Killed an orc knight
  8652 | D:7      | Noticed a two-headed ogre
  8667 | D:7      | Killed a two-headed ogre
  8668 | D:7      | Reached skill level 13 in Maces & Flails
  8735 | D:7      | Noticed Harold
  8743 | D:7      | Killed Harold
  8803 | D:7      | Found a shadowy altar of Dithmenos.
  9149 | D:8      | Found an ornate altar of the Wu Jian Council.
  9268 | D:8      | Reached skill level 14 in Maces & Flails
  9779 | D:8      | Gained mutation: Your touch may inflict irresistible damage
                  | on your foes. [demonic ancestry]
  9779 | D:8      | Reached XP level 11. HP: 79/86 MP: 12/12
 10271 | D:9      | Noticed a two-headed ogre
 10278 | D:9      | Killed a two-headed ogre
 11054 | D:10     | Entered Level 10 of the Dungeon
 11083 | D:10     | Noticed a two-headed ogre
 11087 | D:10     | Killed a two-headed ogre
 11088 | D:10     | Reached skill level 15 in Maces & Flails
 11494 | D:10     | Found a staircase to the Orcish Mines.
 11839 | D:11     | Noticed Snorg
 11845 | D:11     | Killed Snorg
 12260 | D:11     | Found a staircase to the Lair.
 12479 | D:11     | Noticed Erolcha
 12485 | D:11     | Killed Erolcha
 12486 | D:11     | Reached skill level 16 in Maces & Flails
 12769 | D:11     | Found Uqoit's Weapon Emporium.
 12811 | D:11     | Noticed Psyche
 12818 | D:11     | Killed Psyche
 13153 | Lair:1   | Entered Level 1 of the Lair of Beasts
 13213 | Lair:1   | Noticed Sonja
 13244 | Lair:1   | Reached skill level 1 in Evocations
 13471 | Lair:1   | Gained mutation: Your demonic aura causes all spilled blood
                  | to erupt in flames. [demonic ancestry]
 13471 | Lair:1   | Reached XP level 12. HP: 92/92 MP: 13/13
 13536 | Lair:1   | Noticed a four-headed hydra
 13546 | Lair:1   | Killed a four-headed hydra
 13569 | Lair:2   | Reached skill level 5 in Evocations
 13583 | Lair:2   | Noticed a six-headed hydra
 13590 | Lair:2   | Killed a six-headed hydra
 13823 | Lair:2   | Noticed a boulder beetle
 13838 | Lair:2   | Noticed a six-headed hydra
 13854 | Lair:2   | Killed a six-headed hydra
 14160 | Lair:2   | Identified the ring "Meshrag" {*Corrode Fly rF+++ rN+++
                  | Int-4}
 14538 | Lair:2   | Reached skill level 10 in Evocations
 15177 | Lair:3   | Noticed a seven-headed hydra
 15184 | Lair:3   | Killed a seven-headed hydra
 15497 | Lair:3   | Found a staircase to the Swamp.
 15516 | Lair:3   | Noticed a four-headed hydra
 15521 | Lair:3   | Killed a four-headed hydra
 15522 | Lair:3   | Reached skill level 17 in Maces & Flails
 15522 | Lair:3   | Reached XP level 13. HP: 90/98 MP: 14/14
 16302 | Lair:4   | Found a staircase to the Snake Pit.
 16417 | Lair:4   | You fall into a shaft and drop 2 floors!
 16417 | Lair:6   | Entered Level 6 of the Lair of Beasts
 16419 | Lair:6   | Found the +2 ratskin cloak {*Rats rPois rN+ Str-1 Int-1
                  | Dex+1}
 16443 | Lair:6   | Reached skill level 18 in Maces & Flails
 17523 | Lair:6   | Reached skill level 19 in Maces & Flails
 17694 | Lair:6   | Found a viscous altar of Jiyva.
 17694 | Lair:6   | Found a staircase to the Slime Pits.
 17744 | Lair:6   | Found a runed translucent door.
 17978 | Lair:6   | Gained mutation: Your touch may irresistibly damage your
                  | foes and sap their willpower. [demonic ancestry]
 17978 | Lair:6   | Reached XP level 14. HP: 104/104 MP: 15/15
 18804 | Lair:6   | Noticed mandarbmax's ghost (journeyman TrCA)
 18889 | Lair:5   | Found a gate leading to a gauntlet.
 18898 | Gauntlet | Entered a Gauntlet
 18898 | Gauntlet | Found a transporter.
 18898 | Gauntlet | Found a transporter.
 18915 | Gauntlet | Found a transporter.
 18919 | Gauntlet | Found a transporter.
 18933 | Gauntlet | Found a transporter.
 18933 | Gauntlet | Found a transporter.
 18935 | Gauntlet | Found a large runed translucent door.
 18936 | Gauntlet | Found a large runed translucent door.
 18937 | Gauntlet | Found a large runed translucent door.
 18937 | Gauntlet | Found a large runed translucent door.
 18937 | Gauntlet | Found a runed translucent door.
 18937 | Gauntlet | Found a runed translucent door.
 18938 | Gauntlet | Found a large runed translucent door.
 18938 | Gauntlet | Found a large runed translucent door.
 18938 | Gauntlet | Found a large runed translucent door.
 18938 | Gauntlet | Found a large runed translucent door.
 18939 | Gauntlet | Found a large runed translucent door.
 18940 | Gauntlet | Found a large runed translucent door.
 18941 | Gauntlet | Found a large runed translucent door.
 18941 | Gauntlet | Found a large runed translucent door.
 18942 | Gauntlet | Found a large runed translucent door.
 18942 | Gauntlet | Found a large runed translucent door.
 18942 | Gauntlet | Found a large runed translucent door.
 18944 | Gauntlet | Found a runed translucent gate.
 18944 | Gauntlet | Found a runed translucent gate.
 18944 | Gauntlet | Found a runed translucent gate.
 18946 | Gauntlet | Found a transporter.
 18957 | Gauntlet | Found a large runed translucent door.
 18967 | Gauntlet | Found a transporter.
 18988 | Gauntlet | Found a transporter.
 18992 | Gauntlet | Found a transporter.
 19006 | Gauntlet | Found a transporter.
 19010 | Gauntlet | Found a transporter.
 19485 | Gauntlet | Identified the +5 quarterstaff of the Philosopher {holy,
                  | Str+4}
 19626 | Gauntlet | Reached skill level 20 in Maces & Flails
 19626 | Gauntlet | Reached skill level 1 in Armour
 21579 | Lair:1   | Killed Sonja
 21580 | Lair:1   | Reached skill level 5 in Armour
 21802 | Lair:1   | Acquired the ring of the Hero {rElec Will+ Dex+4 Slay+3}
 22448 | Temple   | Entered the Ecumenical Temple
 22554 | D:6      | Fell from the grace of Ignis
 22554 | D:6      | Became a worshipper of Uskayaw the Reveller
 22641 | Orc:1    | Entered Level 1 of the Orcish Mines
 22667 | Orc:1    | Reached * piety under Uskayaw
 22733 | Orc:1    | Reached ** piety under Uskayaw
 22875 | Orc:2    | Entered Level 2 of the Orcish Mines
 22875 | Orc:2    | Found a staircase to the Elven Halls.
 22893 | Orc:2    | Reached *** piety under Uskayaw
 22897 | Orc:2    | Reached **** piety under Uskayaw
 22903 | Orc:2    | Noticed an orc warlord
 22906 | Orc:2    | Reached ***** piety under Uskayaw
 23717 | D:10     | Killed an orc warlord
 24170 | Orc:2    | Found Jicraf's Antique Armour Emporium.
 24224 | Orc:2    | Found Xitsamaw's Jewellery Shop.
 24369 | Orc:2    | Bought the amulet of Vitality {Regen+ HP+15} for 1106 gold
                  | pieces
 24369 | Orc:2    | Found the amulet of Vitality {Regen+ HP+15}
 24425 | Orc:2    | Found Iloush's General Store.
 24456 | Orc:2    | Bought a scroll of teleportation for 45 gold pieces
 24456 | Orc:2    | Bought 2 scrolls of fog for 60 gold pieces
 24525 | Orc:2    | Found Conoh's Antique Weapon Boutique.
 24655 | Orc:1    | Noticed an orc warlord
 24780 | Orc:1    | an orc warlord changed into a shapeshifter
 24884 | Orc:1    | Found Keudy's Jewellery Shop.
 24993 | Orc:2    | Bought a polished plate armour for 756 gold pieces
 24993 | Orc:2    | Identified the +0 plate armour of Bisotoic {*Slow rPois
                  | rCorr} (You bought it in a shop on level 2 of the Orcish
                  | Mines)
 25666 | D:12     | Found Jaxtull's Antique Armour Emporium.
 25785 | D:12     | Reached ****** piety under Uskayaw
 25882 | D:12     | Got the Volume of Dusty Combat Magic
 26151 | D:13     | Was forgiven by Ignis
 26240 | D:13     | Reached XP level 15. HP: 110/110 MP: 16/16
 26437 | D:13     | Got the Grimoire of Air
 26536 | D:13     | Reached skill level 10 in Armour
 26559 | D:13     | Found a gate to the Vaults.
 26661 | D:13     | Noticed Josephine
 26666 | D:13     | Killed Josephine
 27275 | D:14     | Reached skill level 10 in Fighting
 27275 | D:14     | Reached skill level 1 in Invocations
 27486 | D:14     | Found an iron altar of Okawaru.
 27856 | D:14     | Reached skill level 5 in Invocations
 28113 | D:14     | Noticed Agnes
 28121 | D:14     | Killed Agnes
 28146 | D:14     | Reached skill level 10 in Invocations
 28719 | D:15     | Entered Level 15 of the Dungeon
 28968 | D:15     | Reached XP level 16. HP: 122/122 MP: 24/24
 29000 | D:15     | Acquired 816 gold pieces
 29359 | D:15     | Found a staircase to the Depths.
 29417 | D:15     | Found a bloodstained altar of Trog.
 29589 | D:15     | Found Vanest's Assorted Antiques.
 29598 | D:15     | Bought a potion of heal wounds for 220 gold pieces
 29598 | D:15     | Bought a scroll of fog for 88 gold pieces
 29645 | D:15     | Bought a spiked chain mail for 418 gold pieces
 29645 | D:15     | Identified the +1 chain mail of Makhleb's Grace {*Slow
                  | rC+++ rCorr Slay-3} (You bought it in a shop on level 15 of
                  | the Dungeon)
 30278 | Lair:6   | Killed mandarbmax's ghost
 30403 | Swamp:1  | Entered Level 1 of the Swamp
 30687 | Swamp:1  | Noticed Donald
 30724 | Swamp:1  | Killed Donald
 30918 | Swamp:1  | Reached skill level 15 in Invocations
 30989 | Swamp:1  | Noticed a thorn hunter
 31009 | Swamp:1  | Killed a thorn hunter
 31010 | Swamp:1  | Reached skill level 1 in Dodging
 31740 | Swamp:2  | Reached skill level 5 in Dodging
 32801 | Swamp:4  | Entered Level 4 of the Swamp
 32981 | Swamp:4  | Mangled by a seven-headed hydra simulacrum

Illustrated notes

Levels and vault maps discovered:
D:1:      lightli_arrival_lavapool, layout_basic,
          shapermc_ecumenical_altar_totnotflames
D:2:      layout_loops_ring, minmay_hexomino_u4
D:3:      kennysheep_big_flooded_room, layout_rooms, minmay_misc_feat_columns,
          uniq_crazy_yiuf_cottage
D:4:      layout_rooms, serial_rivers, chequers_serial_rivers_small_a,
          chequers_serial_rivers_large_a, chequers_serial_rivers_micro_b,
          chequers_serial_rivers_small_b, chequers_serial_rivers_small_b,
          chequers_serial_rivers_room_a, hangedman_abyss_or_decor_slice,
          corner_web_ring, chequers_serial_rivers_micro_a
D:5:      layout_loops_corners, minmay_temple_entry_mini_moons,
          gup_sewer_entry_bubbles, serial_glass, glass_columns_a,
          glass_columns_a, minmay_strange_pillars, feat_on_display,
          feat_on_display, due_unseen_surprise
D:6:      layout_loops_cross, minitemple, kennysheep_mini, uniq_pikel,
          uniq_edmund, uniq_blork_the_orc
D:7:      layout_loops_ring, grunt_dithmenos_smoke, enter_bailey_5,
          kennysheep_generic_room_2, uniq_harold, uniq_menkaure, uniq_maggie
D:8:      layout_layer_cave, nicolae_wu_jian_wuxing_cycle, st_stairs_2
D:9:      layout_basic
D:10:     layout_long_grid, minmay_orc_entry_temple_small
D:11:     layout_basic, erik_lair_orcish_takeover, serial_shops,
          nicolae_shop_bloodbath_and_beyond, uniq_snorg, uniq_psyche,
          uniq_erolcha
D:12:     layout_roguey [special_room_orc], serial_shops,
          nicolae_shop_behind_doors
D:13:     layout_irregular_city, grunt_vaults_entry_tiered,
          minmay_increasing_density, uniq_josephine
D:14:     minmay_the_grid_octo_tiled_squarecenter [minmay_the_grid_octo_focus,
          minmay_the_grid_octo_fat_diamond,
          minmay_the_grid_octo_tetromino_candy, minmay_the_grid_octo_odd_swirl,
          minmay_the_grid_square_5x5_megaprize_checkered,
          minmay_the_grid_square_5x5_z, minmay_the_grid_square_5x5_doubleslash,
          minmay_the_grid_square_5x5_detours,
          minmay_the_grid_square_5x5_bridge], layout_basic,
          okawaru_ov_weapons_minmay, uniq_agnes
D:15:     grunt_enter_depths_magical_seal, layout_rooms, serial_shops,
          nicolae_shop_advertising_works [nicolae_subvault_shop_adworks],
          serial_bayou, serial_bayou_pond_b, serial_bayou_lagoon_a,
          serial_bayou_ford_a, serial_bayou_pond_b, serial_bayou_pond_c,
          trog_hazing_becter
Temple:   eino_temple_water
Lair:1:   layout_regular_city, st_stairs_5, grunt_megastairs_4, uniq_sonja
Lair:2:   nzn_winding_woodlands_stair_trap [nzn_winding_woodlands_5x15_parted,
          nzn_winding_woodlands_5x15_twine,
          nzn_winding_woodlands_5x15_sidewinder,
          nzn_winding_woodlands_15x15_five_gardens,
          nzn_winding_woodlands_5x15_jagged, nzn_winding_woodlands_5x15_cabin,
          nzn_winding_woodlands_5x15_lazy_stream], layout_cave_pods,
          kennysheep_abandoned_house
Lair:3:   layout_roguey, minmay_swamp_entry_wisps
Lair:4:   layout_roguey, minmay_snake_entry_six_corridors,
          chequers_serial_rivers_micro_b
Lair:5:   layout_hall_layers, gauntlet_entry_generic, grunt_megastairs_1
Lair:6:   grunt_lair_end_beastmaster, layout_regular_city,
          dpeg_slime_entry_enclosed_altar, ebering_ghost_reflecting_pool,
          eino_house_with_fridge
Swamp:1:  layout_basic_swamp, evilmike_swamp_ruin_house_5, uniq_donald
Swamp:2:  layout_basic_swamp, evilmike_swamp_ruin_house_1
Swamp:3:  layout_basic_swamp, nicolae_swamp_dense_foliage
Swamp:4:  swamp_icy, layout_basic_swamp
Orc:1:    cheibrodos_orc_arena, layout_diamond_mine, serial_shops, shop,
          mines_bat_river
Orc:2:    grunt_orc_gardens, layout_caves, grunt_orc_garden, grunt_orc_garden,
          grunt_orc_garden, grunt_orc_garden

Skill      XL: |  1  2  3  4  5  6  7  8  9 10 11 12 13 14 15 16 |
---------------+-------------------------------------------------+-----
Maces & Flails | 3 4 5 6 7 9 11 12 14 16 17 19 20 | 20.0
Fighting       | 6 7 10 | 10.0
Evocations     | 3 10 | 10.0
Armour         | 9 10 | 10.0
Invocations    | 11 15 | 15.0
Dodging        | 8 |  8.3
Spellcasting   | |  1.0
Fire Magic     | |  2.6

Action                   |  1- 3 |  4- 6 |  7- 9 | 10-12 | 13-15 | 16-18 || total
-------------------------+-------+-------+-------+-------+-------+-------++-------
Melee: Mace              |   141 |   226 |   130 |       |       |       ||   497
       Flail             |     1 |       |       |       |       |       ||     1
       Morningstar       |       |       |   123 |       |       |       ||   123
       Touch             |       |       |    49 |       |       |       ||    49
       Great mace        |       |       |       |   369 |   946 |   408 ||  1723
Throw: Throwing net      |       |       |       |     1 |       |       ||     1
Invok: Fiery Armour      |     1 |       |       |     1 |     1 |       ||     3
       Foxfire Swarm     |       |       |     2 |       |       |       ||     2
       Line Pass         |       |       |       |       |       |     1 ||     1
Evoke: Wand              |       |     2 |     6 |     8 |     5 |     5 ||    26
       Tin of tremorston |       |       |       |       |     2 |     1 ||     3
  Use: Scroll            |       |       |     8 |    20 |    14 |     8 ||    50
       Potion            |       |       |     1 |       |       |     5 ||     6
 Stab: Paralysed         |       |     8 |       |       |    32 |    27 ||    67
       Held in net/web   |       |       |       |     1 |       |       ||     1
       Distracted        |       |       |       |     1 |       |       ||     1
       Petrified         |       |       |       |       |     3 |       ||     3
       Petrifying        |       |       |       |       |     2 |     2 ||     4
       Betrayed ally     |       |       |       |       |     1 |       ||     1
       Confused          |       |       |       |       |     2 |     4 ||     6
Armor: Robe              |    46 |       |       |       |       |       ||    46
       Ring mail         |    16 |    40 |       |       |       |       ||    56
       Chain mail        |       |   114 |   148 |   317 |   304 |       ||   883
       Swamp dragon scal |       |       |    46 |     3 |       |       ||    49
       Plate armour      |       |       |       |       |   521 |   412 ||   933
Dodge: Dodged            |    99 |   106 |   122 |   131 |   274 |   165 ||   897

Table legend: (Time is in decaauts)
 A = Elapsed time spent in this place.
 B = Non-inter-level travel time spent in this place.
 C = Inter-level travel time spent in this place.
 D = Time resting spent in this place.
 E = Time spent auto-exploring this place.
 F = Levels seen in this place.
 G = Mean time per level.
                   A        B        C        D        E       F      G
               +--------+--------+--------+--------+--------+-----+--------+
         Total |  33043 |  30958 |   2085 |   4535 |  19283 |  31 | 1065.9 |
       Dungeon |  17874 |  16597 |   1277 |   1715 |  11466 |  15 | 1191.6 |
        Temple |     55 |     43 |     12 |      0 |      0 |   1 |   55.0 |
          Lair |   8712 |   8059 |    653 |   1105 |   5702 |   6 | 1452.0 |
         Swamp |   2396 |   2354 |     42 |    456 |   1176 |   4 |  599.0 |
  Orcish Mines |   1927 |   1827 |    100 |    440 |    938 |   2 |  963.5 |
         Sewer |    584 |    584 |      0 |      0 |      0 |   1 |  584.0 |
        Bailey |    592 |    592 |      0 |    269 |      0 |   1 |  592.0 |
      Gauntlet |    899 |    899 |      0 |    550 |      0 |   1 |  899.0 |
               +--------+--------+--------+--------+--------+-----+--------+

Top non-repeatable levels by time:
  Lair:6: 2466 daAuts
     D:1: 1731 daAuts
  Lair:2: 1673 daAuts
    D:11: 1608 daAuts
    D:14: 1549 daAuts
     D:5: 1527 daAuts
    D:10: 1418 daAuts
     D:6: 1410 daAuts
  Lair:3: 1347 daAuts
  Lair:1: 1175 daAuts
     D:8: 1161 daAuts
   Orc:1: 1141 daAuts
  Lair:5: 1140 daAuts
     D:9: 1059 daAuts
     D:2: 1035 daAuts
